 Dungeon Crawl Stone Soup version 0.18.1-47-g9310371 (webtiles) character file.

583 Mesmaeker13 the Cudgeler (level 7, -14/56 HPs)
             Began as a Demonspawn Gladiator on June 23, 2016.
             Demolished by an ogre
             ... wielding a +0 giant club
              (17 damage)
             ... on level 5 of the Dungeon.
             The game lasted 00:10:30 (4757 turns).

Mesmaeker13 the Cudgeler (Demonspawn Gladiator)     Turns: 4757, Time: 00:10:31

Health: -14/56     AC: 12    Str: 17    XL:     7   Next: 14%
Magic:  7/7        EV:  4    Int: 10    God:
Gold:   167        SH:  0    Dex: 13    Spells: 0 memorised, 6 levels left

rFire  . . .     SeeInvis .     a - +0 flail
rCold  . . .     Gourm    .     q - +0 chain mail
rNeg   . . .     Faith    .     (no shield)
rPois  .         Spirit   .     c - +1 helmet
rElec  .         Dismiss  .     (no cloak)
rCorr  .         Reflect  .     (no gloves)
SustAt .         Harm     .     n - +0 pair of boots
MR     .....                    (no amulet)
Stlth  ..........               (no ring)
                                e - ring of wizardry

@: not resistant to hostile enchantments, extremely unstealthy
A: powered by pain 2, sturdy frame 1
a: no special abilities


You were on level 5 of the Dungeon.
You were not hungry.

You visited 1 branch of the dungeon, and saw 5 of its levels.

You collected 167 gold pieces.

Inventory:

Hand Weapons
 a - a +0 flail (weapon)
Missiles
 l - 29 poisoned needles
 o - 2 throwing nets (quivered)
Armour
 c - a +1 helmet (worn)
 n - a +0 pair of boots (worn)
 q - a +0 chain mail (worn)
Jewellery
 e - a ring of wizardry (left hand)
Scrolls
 d - 2 scrolls of identify
 j - a scroll of remove curse
 m - a scroll of fear {unknown}
Potions
 g - 2 potions of ambrosia
 i - 2 potions of flight
Comestibles
 f - 3 bread rations
 h - 3 meat rations


   Skills:
 + Level 5.1 Fighting
 + Level 5.2 Maces & Flails
 - Level 1.7 Throwing
 + Level 2.8 Armour
 - Level 2.6 Dodging


You had 6 spell levels left.
You didn't know any spells.

Dungeon Overview and Level Annotations

Branches:
Dungeon (5/15)
 Temple: D:4-7

Altars:
Pakellas
Yredelemnul

Annotations:
D:3 Purgy
D:4 raikaria's ghost, amateur DsEn


Innate Abilities, Weirdness & Mutations

You sometimes gain power by taking damage.
Your movements are slightly less encumbered by armour (ER -2).


Message History

The ogre is lightly wounded.
The ball python bites you but does no damage.
The ball python constricts you. The ogre hits you with a giant club!
You sock the ogre!
The ogre is heavily wounded.
The ball python barely misses you. The ball python constricts you.
The ogre hits you with a giant club! The ball python bites you.
The ball python constricts you.
You sock the ogre!
The ogre is almost dead.
The ball python bites you but does no damage.
The ball python constricts you. The ogre hits you with a giant club!
* * * LOW HITPOINT WARNING * * *
You escape the ball python's grasp.
There is a stone staircase leading up here.
The ball python bites you but does no damage.
The ball python grabs you.
You stop ascending the stairs.
The ball python constricts you.
You escape the ball python's grasp.
The ogre hits you with a giant club!
You die...

.# .# ###+##.#
..# ##....#.#
....
#.@...#.##....
#.OS..+.......
#.....#.......
#.##..........
#. #.........#
#. #..........
#.#....$......
..............
#............#


You could see an ogre and a ball python.

Vanquished Creatures
  Sigmund (D:2)
  An ogre (D:3)
  A phantom (D:4)
  A worker ant (D:4)
  7 gnolls
  6 adders
  An ooze (D:1)
  6 worms
  A dart slug (D:3)
  A giant gecko (D:3)
  2 orcs
  11 bats
  10 giant cockroaches
  9 goblins
  5 hobgoblins
  2 quokkas
  2 ball pythons
  8 giant newts
  6 kobolds
  4 rats
  A spectral orc (D:2)
86 creatures vanquished.

Notes
Turn   | Place    | Note
--------------------------------------------------------------
     0 | D:1      | Mesmaeker13 the Demonspawn Gladiator began the quest for the Orb.
     0 | D:1      | Reached XP level 1. HP: 16/16 MP: 1/1
   199 | D:1      | Gained mutation: Your movements are slightly less encumbered by armour (ER -2). [demonic ancestry]
   199 | D:1      | Reached XP level 2. HP: 23/23 MP: 2/2
   949 | D:2      | Gained mutation: You sometimes gain a little power by taking damage. [demonic ancestry]
   949 | D:2      | Reached XP level 3. HP: 15/28 MP: 3/3
  1461 | D:2      | Noticed Sigmund
  2003 | D:3      | Noticed an ogre
  2024 | D:3      | Killed an ogre
  2024 | D:3      | Reached XP level 4. HP: 37/37 MP: 4/4
  2024 | D:3      | Reached XP level 5. HP: 42/42 MP: 5/5
  2497 | D:3      | Noticed Purgy
  2512 | D:3      | Reached skill level 1 in Armour
  3211 | D:2      | Killed Sigmund
  3211 | D:2      | Reached XP level 6. HP: 24/49 MP: 6/6
  3624 | D:2      | Found a basalt altar of Yredelemnul.
  3846 | D:4      | Reached skill level 5 in Maces & Flails
  4373 | D:3      | Gained mutation: You sometimes gain power by taking damage. [demonic ancestry]
  4373 | D:3      | Reached XP level 7. HP: 45/55 MP: 7/7
  4434 | D:4      | Found an oddly glowing altar of Pakellas.
  4464 | D:4      | Reached skill level 5 in Fighting
  4696 | D:4      | Noticed raikaria's ghost (amateur DsEn)
  4703 | D:5      | Entered Level 5 of the Dungeon
  4754 | D:5      | HP: 2/56 [ogre/giant club (16)]
  4757 | D:5      | Demolished by an ogre

Skill      XL: |  1  2  3  4  5  6  7 |
---------------+----------------------+-----
Maces & Flails | 3 4 5 |  5.2
Fighting       | 3 4 5 |  5.1
Armour         | 2 |  2.8
Throwing       | |  1.7
Dodging        | |  2.6

Action                   |  1- 3 |  4- 6 |  7- 9 || total
-------------------------+-------+-------+-------++-------
Melee: Flail             |   105 |   208 |    57 ||   370
       Whip              |    32 |       |       ||    32
Throw: Throwing net      |     5 |     3 |       ||     8
  Use: Scroll            |     4 |     3 |       ||     7
       Potion            |       |     2 |     2 ||     4
 Stab: Sleeping          |     1 |       |       ||     1
       Held in net/web   |     1 |     1 |       ||     2
  Eat: Chunk             |     3 |     8 |     2 ||    13
Armor: Leather armour    |    31 |       |       ||    31
       Ring mail         |     6 |   104 |     2 ||   112
       Chain mail        |       |       |    23 ||    23
Dodge: Dodged            |    90 |   186 |    32 ||   308
